 Dungeon Crawl Stone Soup version 0.29-a0-753-gb7bb9d756e (webtiles) character file.

Game seed: 6911565034137432435

7001 Nattfarinn the Fighter (level 11, -17/92 HPs)
             Began as a Djinni Necromancer on June 30, 2022.
             Was an Initiate of Ashenzari.
             Demolished by a two-headed ogre
             ... wielding a +0 giant club
              (35 damage)
             ... on level 8 of the Dungeon.
             The game lasted 00:27:39 (14650 turns).

Nattfarinn the Fighter (Djinni Necromancer)        Turns: 14650, Time: 00:27:40

Health: -17/92     AC:  4    Str: 11    XL:     11   Next: 29%
Gold:   210        EV: 13    Int: 16    God:    Ashenzari [......] SH:  0 Dex: 15

rFire   + + .      SeeInvis .   m - +2 dagger of Ashenzari's Fanaticism {vorpal, Will+, Cun, Self} (curse)
rCold   x . .      Faith    .   (no shield)
rNeg    + . .      Spirit   .   t - +0 robe {rN+}
rPois   ∞          Reflect  .   (no helmet)
rElec   .          Harm     .   i - +0 cloak
rCorr   .          Rampage  .   o - +0 pair of gloves
Will    ++...                   (boots unavailable)
Stlth   ++........              (no amulet)
HPRegen 0.25/turn               (no ring)
MPRegen 0.00/turn               (no ring)

@: flying, studying Axes
A: sickness immunity, fire resistance 2, cold vulnerability 1, float, innate
caster, HP casting, extra vitality 1
a: Renounce Religion, Shatter the Chains


You were on level 8 of the Dungeon.
You worshipped Ashenzari.
Ashenzari was noncommittal.
You visited 2 branches of the dungeon, and saw 10 of its levels.
You also visited: Bailey.

You collected 326 gold pieces.
You spent 116 gold pieces at shops.

Inventory:

Hand Weapons
 m - the cursed +2 dagger of Ashenzari's Fanaticism (weapon) {vorpal, Will+, Cun, Self}
   (You found it on level 3 of the Dungeon)

   It inflicts extra damage upon your enemies.
   Will:      It increases your willpower.
   It has a curse which improves the following skills: Cunning: Dodging and
   Stealth.
   Introspection: Fighting and Spellcasting.
Missiles
 n - a throwing net
Armour
 a - a +0 robe
 i - a +0 cloak (worn)
 o - a +0 pair of gloves (worn)
 t - a +0 robe of positive energy (worn)
Magical Staves
 d - a staff of air
Jewellery
 D - a ring of protection from fire
Wands
 v - a wand of flame (14)
 w - a wand of charming (11)
 y - a wand of iceblast (4)
Scrolls
 e - 3 scrolls of magic mapping
 f - 2 scrolls of amnesia
 h - a scroll of enchant armour {unknown}
 j - a scroll of fear {unknown}
 k - 2 scrolls of noise
 l - a scroll of vulnerability
 u - a scroll of fog
 x - a scroll of immolation {unknown}
 A - a scroll of poison {unknown}
 E - a scroll of identify
 F - a scroll of teleportation
Potions
 b - 2 potions of lignification {unknown}
 c - a potion of cancellation {unknown}
 g - a potion of attraction {unknown}
 p - 2 potions of brilliance {unknown}
 q - 6 potions of might {unknown}
 r - 3 potions of degeneration {unknown}
 s - 2 potions of curing
 z - a potion of mutation {unknown}
 B - a potion of invisibility {unknown}
 C - a potion of flight {unknown}


   Skills:
 - Level 13.0(13.3) Fighting
 * Level 3.0 Armour
 + Level 3.3(3.7) Dodging
 - Level 1.5(1.9) Stealth
 + Level 8.1(8.6) Spellcasting


You had one spell level left.
You knew the following spells:

 Your Spells              Type           Power      Damage    Failure   Level
a - Necrotize             Necr           100%       1d9       1%          1
b - Vampiric Draining     Necr           34%        2d8       1%          3
c - Animate Dead          Necr           34%        N/A       3%          4
d - Agony                 Necr           34%        N/A       9%          5
e - Beastly Appendage     Tmut           68%        N/A       1%          1
f - Call Imp              Summ           34%        N/A       1%          2
g - Swiftness             Air            34%        N/A       1%          3
h - Stone Arrow           Conj/Erth      68%        3d11      1%          3
i - Flame Wave            Conj/Fire      34%        2d8       3%          4
Your spell library was empty.

Dungeon Overview and Level Annotations

Branches:
Dungeon (9/15)             Temple (1/1) D:6          Bailey (visited)
   Lair: D:8-11         Orc: D:9-12

Altars:
Ashenzari
Cheibriados
Dithmenos
Elyvilon
Fedhas
Gozag
Hepliaklqana
Kikubaaqudgha
Makhleb
Nemelex Xobeh
Okawaru
Qazlal
Ru
Sif Muna
Trog
Uskayaw
Vehumet
Wu Jian
Xom
Yredelemnul
Zin
The Shining One

Shops:
D:4 :   D:5 *   D:6 *


Innate Abilities, Weirdness & Mutations

You are immune to sickness and miasma.
You are immune to poison.
Your flesh is very heat resistant. (rF++)
You are vulnerable to cold. (rC-)
You float through the air rather than walking.
You learn spells naturally, not from books.
Your magical power is your life essence.
You have superior vitality. (+4 MHP)


Message History

Your +2 dagger of Bemokakh {vorpal, Will+} glows black for a moment.
Done exploring.
Things that are here:
a stone; a +0 short sword You see here a +0 hand axe.
You see here a +0 hand axe.
You see here 4 stones.
You see here 5 stones.
Things that are here:
a +0 giant spiked club; a +0 giant club
There is a stone staircase leading down here.
You fly downwards.
The two-headed ogre hits you with a +0 giant club!!
The two-headed ogre hits you with a +0 giant club!
There is a stone staircase leading up here.
Unknown command.
You fly upwards.
There is a stone staircase leading down here.
Unknown command.
Unknown command.
Casting: Vampiric Draining (safe; 1% risk of failure)
Confirm with . or Enter, or press ? or * to list all spells.
Aiming: Vampiric Draining (safe; 1% risk of failure)
Press: ? - help, Shift-Dir - straight line, f - two-headed ogre
Aim: a two-headed ogre, wielding two +0 giant clubs You draw life force from the two-headed ogre!
You feel life coursing into your body.
The two-headed ogre hits you with a +0 giant club!
The two-headed ogre hits you with a +0 giant club!!
* * * LOW HITPOINT WARNING * * *
Casting: Vampiric Draining (safe; 1% risk of failure)
Confirm with . or Enter, or press ? or * to list all spells.
Aiming: Vampiric Draining (safe; 1% risk of failure)
Press: ? - help, Shift-Dir - straight line, f/p - two-headed ogre
Aim: a two-headed ogre, wielding two +0 giant clubs (lightly wounded)
You draw life force from the two-headed ogre.
You feel life coursing into your body.
* * * LOW HITPOINT WARNING * * *
The two-headed ogre hits you with a +0 giant club!!
You die...

# ##)## ######....
# #..# #.... #
##..## ###.. #
###....## #### ##.
## ##..#....##
##..### ## .#
##..###....##
#.....####.
#####..## ###...##
#.......##.
###..### ##...###
#..........
##..##### ###@O.##
#........##
#.......####
##...###.......##.
...........#
##...##.......#.#
#.........##
##..[....[......
.........##
###.[[......#..
.......###
##........##.
.....###
##........##
.##### #..........
..## #.........#


You could see a two-headed ogre.

Vanquished Creatures
  2 two-headed ogres
  Pikel (D:9)
  2 hornets (D:7)
  A wyvern (D:8)
  A yak (D:8)
  4 humans (Bailey)
  A steam dragon (D:8)
  2 water moccasins
  4 orc warriors
  A sky beast (D:6)
  An ice beast (D:8)
  2 black bears
  4 centaurs
  2 phantoms
  2 kobold brigands (D:8)
  8 bullfrogs
  A gnoll sergeant (D:8)
  A scorpion (D:4)
  4 wights (D:8)
  5 killer bees (D:9)
  2 howler monkeys
  8 orc priests
  9 jellies
  6 hounds
  2 gnoll shamans (D:6)
  2 iguanas (D:5)
  5 orc wizards
  15 gnolls
  7 adders
  A white imp (D:6)
  An ufetubus (D:5)
  2 worms
  2 dart slugs
  35 orcs
  4 ball pythons
  4 bats
  8 endoplasms
  2 giant cockroaches
  11 goblins
  6 hobgoblins
  5 jackals (D:1)
  14 kobolds
  A quokka (D:2)
  4 frilled lizards
  3 rats
208 creatures vanquished.

Vanquished Creatures (collateral kills)
  A necrophage (D:5)
  An orc wizard (D:6)
  An endoplasm (D:1)
  A frilled lizard (D:1)
  A kobold (D:1)
5 creatures vanquished.

Vanquished Creatures (others)
  5 fungi (D:7)
5 creatures vanquished.

Grand Total: 218 creatures vanquished

Notes
Turn   | Place    | Note
-------+----------+-------------------------------------------
     0 | D:1      | Nattfarinn the Djinni Necromancer began the quest for the
                  | Orb.
     0 | D:1      | Nattfarinn set off with the following spells memorised:
                  | Necrotize, Vampiric Draining, Animate Dead, Agony.
     0 | D:1      | Reached XP level 1. HP: 15/15 MP: 0/0
    50 | D:1      | Reached skill level 1 in Fighting
    53 | D:1      | Reached XP level 2. HP: 10/22 MP: 0/0
   569 | D:1      | Reached XP level 3. HP: 13/28 MP: 0/0
   569 | D:1      | Learned a level 1 spell: Beastly Appendage
   997 | D:1      | Reached skill level 2 in Fighting
  1236 | D:2      | Found a faded altar of an unknown god.
  1822 | D:2      | Reached XP level 4. HP: 32/34 MP: 0/0
  2187 | D:2      | Reached skill level 3 in Fighting
  2839 | D:3      | Reached XP level 5. HP: 36/40 MP: 0/0
  2839 | D:3      | Learned a level 2 spell: Call Imp
  3547 | D:3      | Identified the +2 dagger of Bemokakh {vorpal, Will+}
  4099 | D:4      | Found Xocaschee's Book Shop.
  4290 | D:4      | Reached skill level 4 in Fighting
  4403 | D:4      | Reached XP level 6. HP: 40/47 MP: 0/0
  4968 | D:5      | Entered Level 5 of the Dungeon
  4987 | D:5      | Reached skill level 5 in Fighting
  5086 | D:5      | Reached XP level 7. HP: 54/54 MP: 0/0
  5086 | D:5      | Learned a level 3 spell: Swiftness
  5599 | D:5      | Reached skill level 6 in Fighting
  5654 | D:5      | Found Olobek's Assorted Antiques.
  5657 | D:5      | Bought a scroll labelled QEUSOUD ANKAR for 18 gold pieces
  5657 | D:5      | Bought a scroll labelled LYUSHR LYIRYGIO for 18 gold pieces
  5657 | D:5      | Bought a ruby potion for 16 gold pieces
  5657 | D:5      | Bought a lumpy cyan potion for 16 gold pieces
  5657 | D:5      | Bought a bubbling sapphire potion for 16 gold pieces
  5657 | D:5      | Bought a dark potion for 16 gold pieces
  5657 | D:5      | Bought a lumpy cyan potion for 16 gold pieces
  5831 | D:6      | Found Hiyfuash's Overcharged Wands.
  5832 | D:6      | Noticed a water moccasin
  5842 | D:6      | Killed a water moccasin
  5843 | D:6      | Reached XP level 8. HP: 48/62 MP: 0/0
  6042 | D:6      | Reached skill level 5 in Spellcasting
  6078 | D:6      | Found a staircase to the Ecumenical Temple.
  6087 | Temple   | Entered the Ecumenical Temple
  6281 | Temple   | Became a worshipper of Ashenzari the Shackled
  6343 | D:6      | Reached skill level 7 in Fighting
  7124 | D:6      | Reached skill level 8 in Fighting
  8427 | D:6      | Reached XP level 9. HP: 44/71 MP: 0/0
  8427 | D:6      | Learned a level 3 spell: Stone Arrow
  8984 | D:7      | Reached skill level 9 in Fighting
  9213 | D:7      | Noticed a hornet
  9219 | D:7      | Killed a hornet
  9371 | D:7      | Noticed a hornet
  9382 | D:7      | Killed a hornet
  9440 | D:7      | Found a sacrificial altar of Ru.
  9580 | D:7      | Reached skill level 10 in Fighting
 10108 | D:7      | Found a hide-covered altar of Uskayaw.
 10809 | D:8      | Reached XP level 10. HP: 59/81 MP: 0/0
 10989 | D:8      | Found a flagged portal.
 11188 | Bailey   | Entered a bailey
 11214 | Bailey   | Reached skill level 11 in Fighting
 11349 | Bailey   | HP: 2/83 [human/+0 vorpal hand axe (4)]
 12062 | D:8      | Found a snail-covered altar of Cheibriados.
 12066 | D:8      | Found an iron altar of Okawaru.
 12201 | D:8      | Found a blossoming altar of Fedhas.
 12305 | D:8      | Found a shadowy altar of Dithmenos.
 12461 | D:8      | Reached skill level 12 in Fighting
 13290 | D:9      | Noticed a two-headed ogre
 13310 | D:8      | Killed a two-headed ogre
 13313 | D:8      | Reached XP level 11. HP: 9/90 MP: 0/0
 13313 | D:8      | Learned a level 4 spell: Flame Wave
 13804 | D:9      | Found a white marble altar of Elyvilon.
 13851 | D:9      | Noticed Pikel
 13877 | D:9      | Killed Pikel
 13967 | D:9      | Reached skill level 13 in Fighting
 14080 | D:9      | Noticed a two-headed ogre
 14087 | D:9      | Killed a two-headed ogre
 14284 | D:9      | Noticed a two-headed ogre
 14650 | D:8      | Demolished by a two-headed ogre

Illustrated notes

Levels and vault maps discovered:
D:1:      tarquinn_simple_flora_water_a, layout_basic
D:2:      layout_loops_ring, hellmonk_ecumenical_altar_inner_sanctum
D:3:      layout_loops_corners
D:4:      layout_loops_ring, serial_shops, nicolae_square_shop,
          kennysheep_decorative_pillar
D:5:      layout_rooms, serial_shops, kennysheep_mini
D:6:      layout_basic, temple_pool_b, nrook_mini_vaults,
          nicolae_shop_overcharged_wands
D:7:      layout_basic, nicolae_ru_sacrificial_ziggurat, kennysheep_little_box,
          serial_park_tiny_2, dreamdust_mushroom_princess,
          kennysheep_generic_room_8
D:8:      layout_cave_pods, nicolae_overflow_hidden_temple, enter_bailey_4,
          minmay_manual_mares
D:9:      layout_cave_pools, elyvilon_altar_3, hangedman_misty_isle, uniq_pikel,
          uniq_prince_ribbit1
Temple:   eino_wide_crystal_templ

Skill      XL: |  1  2  3  4  5  6  7  8  9 10 11 |
---------------+----------------------------------+-----
Fighting       | 1 2 3 4 5 6 8 10 12 13 | 13.0
Spellcasting   | 4 5 6 7 8 |  8.1
Armour         | 3 |  3.0
Dodging        | 3 |  3.3
Stealth        | |  1.5

Action                   |  1- 3 |  4- 6 |  7- 9 | 10-12 || total
-------------------------+-------+-------+-------+-------++-------
Melee: Unarmed           |     3 |       |       |       ||     3
       Staff             |     2 |     3 |       |       ||     5
       Dagger            |       |    14 |    64 |     1 ||    79
       Punch             |       |     1 |     2 |       ||     3
       Headbutt          |       |     2 |     1 |       ||     3
 Cast: Necrotize         |    63 |    69 |    11 |     1 ||   144
       Vampiric Draining |     1 |    31 |    75 |    54 ||   161
       Call Imp          |       |     1 |    50 |     1 ||    52
       Beastly Appendage |       |     1 |     1 |       ||     2
       Swiftness         |       |       |     6 |     1 ||     7
       Stone Arrow       |       |       |    52 |    76 ||   128
       Flame Wave        |       |       |       |     5 ||     5
Invok: Curse Item        |       |       |       |     1 ||     1
Evoke: Wand              |       |       |     3 |     1 ||     4
  Use: Scroll            |     1 |       |     7 |     1 ||     9
       Potion            |       |       |     5 |     4 ||     9
 Stab: Sleeping          |       |     2 |     2 |       ||     4
Armor: Robe              |     9 |    19 |    59 |    19 ||   106
Dodge: Dodged            |    35 |    35 |   136 |    75 ||   281

Table legend: (Time is in decaauts)
 A = Elapsed time spent in this place.
 B = Non-inter-level travel time spent in this place.
 C = Inter-level travel time spent in this place.
 D = Time resting spent in this place.
 E = Time spent auto-exploring this place.
 F = Levels seen in this place.
 G = Mean time per level.
                   A        B        C        D        E       F      G
               +--------+--------+--------+--------+--------+-----+--------+
         Total |  14590 |  14115 |    475 |   3993 |   8581 |  11 | 1326.4 |
       Dungeon |  13197 |  12743 |    454 |   2778 |   8525 |   9 | 1466.3 |
        Temple |    890 |    869 |     21 |    810 |     34 |   1 |  890.0 |
        Bailey |    502 |    502 |      0 |    404 |     22 |   1 |  502.0 |
               +--------+--------+--------+--------+--------+-----+--------+

Top non-repeatable levels by time:
     D:8: 2803 daAuts
     D:6: 1854 daAuts
     D:7: 1821 daAuts
     D:2: 1608 daAuts
     D:3: 1239 daAuts
     D:5: 1221 daAuts
     D:1: 1215 daAuts
     D:4: 906 daAuts
  Temple: 890 daAuts
     D:9: 525 daAuts
  Bailey: 502 daAuts
